 Dungeon Crawl Stone Soup version 0.23.2-1-ga50397a (webtiles) character file.

Game seed: 17052463797810742769

1013 Heatsaber the Skirmisher (level 8, -1/43 HPs)
             Began as a Vine Stalker Warper on May 26, 2019.
             Was a Follower of Zin.
             Killed from afar by an orc wizard (9 damage)
             ... with a puff of frost
             ... on level 5 of the Dungeon.
             The game lasted 00:15:10 (3565 turns).

Heatsaber the Skirmisher (Vine Stalker Warper)      Turns: 3565, Time: 00:15:10

Health: -1/43      AC: 14    Str: 15    XL:     8   Next: 21%
Magic:  0/12       EV:  7    Int: 13    God:    Zin [*.....]
Gold:   176        SH:  0    Dex: 15    Spells: 11/11 levels left

rFire    . . .     SeeInvis +   i - +0 rapier
rCold    . . .     Gourm    .   (no shield)
rNeg     . . .     Faith    .   l - +0 chain mail
rPois    .         Spirit   +   y - +0 helmet
rElec    .         Reflect  .   (no cloak)
rCorr    .         Harm     .   n - +2 pair of gloves
MR       +....                  (no boots)
Stlth    ..........             (no amulet)
HPRegen  0.54/turn              k - ring of see invisible
MPRegen  0.13/turn              o - +1 ring of slaying

@: no status effects
A: fangs 3, regeneration 1, magic shield, antimagic bite, no potion heal 3, rot
immunity
a: Recite, Donate Gold, Renounce Religion


You were on level 5 of the Dungeon.
You worshipped Zin.
Zin was aware of your devotion.
You were not hungry.

You visited 2 branches of the dungeon, and saw 6 of its levels.

You collected 195 gold pieces.
You donated 19 gold pieces to Zin.

Inventory:

Hand Weapons
 a - a +0 short sword
 i - a +0 rapier (weapon)
Missiles
 e - 5 tomahawks of dispersal (quivered)
 m - 15 tomahawks
 x - 8 javelins
Armour
 b - a +0 leather armour
 l - a +0 chain mail (worn)
 n - a +2 pair of gloves (worn)
 y - a +0 helmet (worn)
Jewellery
 k - a ring of see invisible (left hand)
 o - a +1 ring of slaying (right hand)
Wands
 p - a wand of polymorph (2)
Scrolls
 c - a scroll of immolation {unknown}
 d - 2 scrolls of blinking
 h - 3 scrolls of teleportation
 j - a scroll of noise {unknown}
 r - 2 scrolls of remove curse
 t - a scroll of fear {unknown}
 u - 2 scrolls of enchant weapon {unknown}
 v - a scroll of magic mapping {unknown}
 B - 5 scrolls of identify {unknown}
 C - a scroll of amnesia {unknown}
Potions
 g - a potion of mutation {unknown}
 q - a potion of agility {unknown}
 w - a potion of curing
 z - 2 potions of might {unknown}
 A - a potion of lignification {unknown}
Comestibles
 f - 8 rations


   Skills:
 + Level 5.1 Fighting
 + Level 5.1 Short Blades
 - Level 0.8 Throwing
 + Level 4.4 Armour
 - Level 1.5 Dodging
 - Level 2.1 Spellcasting
   Level 3.0 Translocations


You had 11 spell levels left.
You didn't know any spells.
Your spell library contained the following spells:

 Spells                   Type           Power        Failure   Level  Hunger
 Blink                    Tloc           N/A          90%         2    ###....
 Shroud of Golubria       Chrm/Tloc      #.........   98%         2    ###....
 Gell's Gravitas          Tloc           #.........   99%         3    ####...
 Lesser Beckoning         Tloc           #.........   99%         3    ####...
 Teleport Other           Tloc           #.......     99%         3    ####...
 Passage of Golubria      Tloc           N/A          100%        4    #####..


Dungeon Overview and Level Annotations

Branches:
Dungeon (5/15)             Temple (1/1) D:5

Altars:
Ashenzari
Cheibriados
Dithmenos
Elyvilon
Gozag
Hepliaklqana
Kikubaaqudgha
Makhleb
Nemelex Xobeh
Qazlal
Ru
Sif Muna
Trog
Uskayaw
Vehumet
Wu Jian
Xom
Yredelemnul
Zin
The Shining One

Annotations:
D:5 Menkaure


Innate Abilities, Weirdness & Mutations

You have razor-sharp teeth.
Your natural rate of healing is unusually fast.
When hurt, damage is shared between your health and your magic reserves.
Your bite disrupts and absorbs the magic of your enemies.
Potions cannot restore your health.
You are immune to rotting.


Message History

The orc wizard is heavily wounded.
The orc wizard points at you and mumbles some strange words.
The puff of flame hits you.
* * * LOW HITPOINT WARNING * * *
The gnoll hits you with a +0 spear.
* * * LOW HITPOINT WARNING * * *
"...I bring ye salvation.
To the rest, ye squalid dregs..."
The orc wizard hits you but does no damage.
The orc wizard begins to cast a cantrip, but forgets the words!
The gnoll hits you from afar with a +0 spear.
* * * LOW HITPOINT WARNING * * *
"...and the contaminated, the name of Zin shall be thy damnation."
You finish reciting Abominations 20:75.
The orc wizard barely misses you.
You see here a wand of random effects (14).
The orc wizard casts a spell at you.
The magic dart hits you but does no damage.
The orc wizard casts a spell at you. The puff of frost hits you!
You die...

..........#
#.<....
..........###
#......
.......M.M..#
#......
#####.o###.##
##.....
##.g##..###
##.....
##o###...#
#...... #/#
###.##
#...... #.##
#..####......
#.@#
##..).g#.....
##..#
#####o##...#
##.# #.o##.##
.# ##....#.
.# ##..M.. .#
##.##. ..
#.##. #.
#.##. #.##.


You could see Menkaure, 2 orc wizards and a gnoll.

Vanquished Creatures
  Grinder (D:5)
  Sigmund (D:4)
  An ogre (D:5)
  3 orc priests
  A hound (D:3)
  An iguana (D:4)
  5 orc wizards
  A worker ant (D:4)
  A hound zombie (D:5)
  Robin (D:4)
  6 gnolls
  4 adders
  6 worms
  A dart slug (D:1)
  4 leopard geckos
  18 orcs
  5 giant cockroaches
  11 goblins
  12 hobgoblins
  9 jackals
  A quokka (D:3)
  A ball python (D:2)
  5 bats
  7 frilled lizards
  A jackal skeleton (D:5)
  6 kobolds
  10 rats
123 creatures vanquished.

Notes
Turn   | Place    | Note
-------+----------+-------------------------------------------
     0 | D:1      | Heatsaber the Vine Stalker Warper began the quest for the
                  | Orb.
     0 | D:1      | Reached XP level 1. HP: 11/11 MP: 4/4
    85 | D:1      | Reached skill level 1 in Armour
   208 | D:1      | Reached XP level 2. HP: 13/15 MP: 6/6
  1083 | D:2      | Found a hazy altar of Hepliaklqana.
  1089 | D:2      | Found a bloodstained altar of Trog.
  1089 | D:2      | Found a glowing golden altar of the Shining One.
  1102 | D:2      | Reached XP level 3. HP: 19/19 MP: 7/7
  1131 | D:2      | Became a worshipper of the Shining One
  1533 | D:2      | Gained mutation: Your natural rate of healing is unusually
                  | fast. [Vine Stalker growth]
  1533 | D:2      | Reached XP level 4. HP: 18/23 MP: 6/8
  2007 | D:2      | Found an ornate altar of the Wu Jian Council.
  2093 | D:3      | Reached XP level 5. HP: 26/28 MP: 9/9
  2177 | D:3      | Reached * piety under the Shining One
  2415 | D:3      | Reached XP level 6. HP: 32/32 MP: 10/10
  2601 | D:4      | Noticed Robin
  2624 | D:4      | Killed Robin
  2686 | D:4      | Noticed Sigmund
  2692 | D:4      | Killed Sigmund
  2692 | D:4      | Reached XP level 7. HP: 27/37 MP: 11/11
  3200 | D:5      | Entered Level 5 of the Dungeon
  3209 | D:5      | Noticed Grinder
  3217 | D:5      | Killed Grinder
  3217 | D:5      | Gained mutation: You have razor-sharp teeth. [Vine Stalker
                  | growth]
  3217 | D:5      | Reached XP level 8. HP: 36/42 MP: 12/12
  3227 | D:5      | Found a staircase to the Ecumenical Temple.
  3273 | Temple   | Entered the Ecumenical Temple
  3285 | Temple   | Fell from the grace of the Shining One
  3285 | Temple   | Became a worshipper of Zin the Law-Giver
  3285 | Temple   | Reached * piety under Zin
  3494 | D:5      | Noticed Menkaure
  3506 | D:5      | Reached skill level 5 in Fighting
  3506 | D:5      | Reached skill level 5 in Short Blades
  3565 | D:5      | Killed from afar by an orc wizard

Skill      XL: |  1  2  3  4  5  6  7  8 |
---------------+-------------------------+-----
Fighting       | 2 3 4 5 |  5.1
Short Blades   | 2 3 4 5 |  5.1
Armour         | 1 2 3 4 |  4.4
Throwing       | |  0.8
Dodging        | |  1.5
Spellcasting   | |  2.1
Translocations | |  3.0

Action                   |  1- 3 |  4- 6 |  7- 9 || total
-------------------------+-------+-------+-------++-------
Melee: Short sword       |   121 |    22 |       ||   143
       Bite              |    23 |    36 |    32 ||    91
       Rapier            |       |   126 |   101 ||   227
Invok: Recite            |       |       |     2 ||     2
  Use: Potion            |     1 |       |       ||     1
       Scroll            |       |       |     2 ||     2
 Stab: Sleeping          |     1 |       |       ||     1
  Eat: Chunk             |     2 |     4 |     3 ||     9
Armor: Leather armour    |     9 |       |       ||     9
       Chain mail        |    77 |   126 |    60 ||   263
Dodge: Dodged            |    52 |    51 |    33 ||   136
